Map: 环轨星港

Players

ZooWhaleTail - Winner!

  • Race: Zerg Zerg
  • League: Master

Jieshi

  • Race: Protoss Protoss
  • League: Master

Event: GPL 2015 - Grand Finals

VOD

Have the link to the VOD?

Description

Time

  • Played on: Jan. 17, 2016, 9:06 a.m.
  • Length: 10:11

All games in this series

Show
View Real Time Build Order
Export as new Build Order

ZooWhaleTail Zerg - Winner!

Build Orders: 3 Hatch before Pool 

Get SALT Encoding   

  12  0:01  Drone  
  13  0:13  Overlord  
  13  0:17  Drone  
  14  0:32  Drone x2  
  17  0:35  Drone  
  17  0:52  Hatchery  
  17  0:55  Drone  
  17  0:59  Drone  
  18  1:18  Hatchery  
  18  1:21  Drone  
  18  1:24  Drone  
  19  1:30  Drone, Extractor  
  19  1:44  Spawning Pool  
  19  1:46  Drone  
  19  1:50  Drone  
  20  2:01  Drone  
  20  2:04  Drone  
  22  2:11  Drone  
  22  2:14  Drone  
  24  2:31  Queen x2, Metabolic Boost  
  24  2:34  Overlord  
  28  2:37  Drone  
  28  2:40  Drone  
  28  2:43  Drone  
  28  2:44  Drone  
  32  2:46  Drone  
  32  2:49  Drone  
  34  2:52  Overlord  
  34  2:59  Queen  
  36  3:06  Zergling x4  
  36  3:07  Zergling x2  
  40  3:12  Drone  
  40  3:13  Drone x2  
  40  3:15  Overlord  
  42  3:31  Overlord x2  
  42  3:38  Zergling x2  
  42  3:39  Zergling x8  
  47  3:42  Spore Crawler  
  47  3:47  Zergling x14  
  52  3:50  Spore Crawler  
  53  3:56  Queen  
  53  3:59  Zergling x4  
  53  4:00  Zergling x2  
  58  4:07  Overlord  
  58  4:08  Zergling x2  
  58  4:09  Zergling x4  
  61  4:11  Zergling x2  
  61  4:16  Zergling x2  
  61  4:17  Zergling x2  
  64  4:20  Zergling x2  
  64  4:21  Zergling x4  
  64  4:25  Zergling x4  
  64  4:26  Zergling x4  
  64  4:27  Zergling x2  
  66  4:32  Zergling x4  
  66  4:37  Zergling x2  
  64  4:39  Queen  
  64  4:40  Zergling x6  
  64  4:42  Zergling x4  
  64  4:44  Zergling x4  
  64  4:45  Zergling x2  
  74  4:50  Evolution Chamber  
  72  4:53  Drone  
  72  4:55  Drone  
  72  4:57  Overlord  
  72  4:58  Overlord  
  72  4:59  Overlord  
  73  5:09  Drone  
  73  5:20  Drone x3  
  76  5:24  Queen x2  
  76  5:25  Queen  
  76  5:27  Drone x3  
  86  5:35  Drone x2  
  86  5:36  Drone  
  86  5:39  Overlord  
  88  5:47  Zerg Melee Weapons Level 1  
  87  5:51  Drone x2  
  87  5:57  Drone x4  
  89  6:01  Queen  
  89  6:03  Overlord  
  91  6:06  Extractor  
  91  6:10  Drone x3  
  87  6:12  Drone  
  84  6:25  Queen  
  87  6:26  Pneumatized Carapace  
  87  6:28  Drone x3  
  87  6:31  Hatchery  
  84  6:37  Queen  
  87  6:40  Drone x5  
  91  6:54  Zergling x20  
  95  7:01  Queen  
  94  7:07  Overlord x3  
  94  7:08  Overlord x2  
  94  7:09  Queen  
  94  7:10  Spore Crawler x2  
  94  7:12  Spore Crawler  
  93  7:29  Drone x2  
  90  7:34  Drone x2  
  90  7:35  Drone  
  90  7:37  Zergling x26  
  89  7:40  Lair  
  101  7:44  Zergling x2  
  101  7:45  Zergling x2  
  101  7:55  Zergling x8  
  101  7:58  Zergling x4  
  106  8:06  Zergling x4  
  108  8:14  Zergling x14  
  108  8:16  Queen  
  108  8:18  Overlord  
  108  8:19  Baneling Nest  
  106  8:44  Zergling x24  
  114  8:50  Zergling x14  
  113  9:10  Baneling x7  
  113  9:11  Baneling  
  113  9:13  Zergling x16  
  119  9:18  Zergling x2  
  118  9:30  Zergling x18  
  118  9:33  Zergling x2  
  118  9:34  Hatchery, Zergling x2  
  118  9:35  Zergling x2  
  118  9:38  Zergling x2  
  115  9:42  Zergling x2  
  108  9:46  Zergling x12  
  108  9:49  Zergling x4  
  108  9:50  Overseer  
  113  9:56  Hydralisk Den  
Show
View Real Time Build Order
Export as new Build Order

Jieshi Protoss 

Build Orders: Nexus First, Phoenix Opening 

Get SALT Encoding   

  12  0:01  Probe (Chrono Boost)  
  13  0:11  Probe (Chrono Boost)  
  14  0:18  Pylon  
  14  0:22  Probe (Chrono Boost)  
  15  0:36  Probe (Chrono Boost)  
  16  0:46  Probe (Chrono Boost)  
  17  0:57  Nexus  
  17  1:07  Gateway  
  17  1:10  Probe (Chrono Boost)  
  18  1:19  Assimilator  
  18  1:20  Probe (Chrono Boost)  
  18  1:23  Assimilator  
  19  1:31  Probe (Chrono Boost)  
  20  1:41  Probe (Chrono Boost)  
  21  1:47  Pylon  
  21  1:52  Probe (Chrono Boost)  
  22  1:55  Cybernetics Core  
  22  2:02  Probe (Chrono Boost)  
  23  2:09  Probe (Chrono Boost)  
  23  2:13  Probe (Chrono Boost)  
  25  2:20  Probe (Chrono Boost)  
  26  2:23  Probe (Chrono Boost)  
  27  2:30  Probe (Chrono Boost)  
  27  2:31  Stargate  
  27  2:32  Adept  
  27  2:34  Probe (Chrono Boost)  
  31  2:37  Warp Gate  
  31  2:41  Probe (Chrono Boost)  
  32  2:45  Probe (Chrono Boost)  
  33  2:52  Probe (Chrono Boost)  
  33  2:55  Mothership Core (Chrono Boost)  
  36  3:01  Adept  
  36  3:02  Probe (Chrono Boost)  
  39  3:11  Probe (Chrono Boost)  
  40  3:13  Probe (Chrono Boost)  
  40  3:15  Phoenix (Chrono Boost)  
  43  3:21  Probe  
  43  3:23  Pylon  
  43  3:25  Probe  
  45  3:32  Probe  
  46  3:41  Probe  
  46  3:42  Phoenix (Chrono Boost), Probe  
  50  3:53  Probe  
  49  3:56  Nexus  
  49  3:58  Pylon  
  49  4:00  Pylon  
  49  4:03  Phoenix (Chrono Boost)  
  49  4:04  Pylon  
  49  4:06  Probe  
  49  4:08  Probe  
  53  4:17  Gateway  
  53  4:19  Gateway  
  53  4:21  Gateway  
  53  4:25  Oracle (Chrono Boost)  
  56  4:40  Pylon  
  55  4:46  Pylon  
  55  4:48  Pylon  
  55  4:50  Gateway  
  55  4:51  Gateway  
  55  4:55  Forge  
  55  4:56  Twilight Council  
  55  5:05  Probe  
  55  5:06  Probe, Pylon  
  55  5:07  Phoenix (Chrono Boost), Pylon  
  59  5:15  Sentry  
  59  5:16  Probe  
  59  5:18  Pylon  
  62  5:24  Probe  
  62  5:25  Pylon, Assimilator  
  62  5:26  Pylon  
  63  5:29  Probe  
  63  5:31  Assimilator  
  63  5:33  Phoenix (Chrono Boost)  
  66  5:36  Probe  
  66  5:39  Probe  
  68  5:48  Probe  
  69  5:50  Probe  
  69  5:55  Zealot x3  
  76  5:57  Nexus  
  76  5:58  Pylon  
  76  6:01  Pylon, Photon Cannon  
  76  6:03  Phoenix (Chrono Boost)  
  74  6:16  Zealot x3  
  74  6:18  Probe  
  70  6:20  Probe  
  64  6:28  Probe  
  64  6:29  Pylon  
  64  6:32  Probe  
  64  6:39  Probe, Sentry, Zealot x2  
  70  6:40  Phoenix (Chrono Boost)  
  70  6:44  Probe  
  74  6:49  Probe  
  75  6:56  Probe  
  75  7:00  Probe  
  75  7:01  Resonating Glaives  
  67  7:02  Protoss Ground Weapons Level 1  
  67  7:08  Probe  
  69  7:09  Probe  
  69  7:10  Probe  
  69  7:13  Pylon  
  69  7:15  Pylon  
  71  7:17  Pylon  
  71  7:19  Probe  
  71  7:20  Probe  
  71  7:21  Probe  
  75  7:23  Phoenix (Chrono Boost)  
  76  7:30  Probe  
  76  7:32  Probe x2  
  79  7:42  Probe  
  80  7:44  Probe, Phoenix (Chrono Boost)  
  80  7:47  Adept x3  
  80  7:50  Probe  
  80  7:51  Photon Cannon  
  87  7:53  Probe  
  87  7:54  Gateway  
  87  7:56  Gateway  
  89  7:58  Robotics Facility  
  89  8:03  Probe  
  90  8:06  Phoenix (Chrono Boost)  
  90  8:10  Sentry  
  90  8:11  Adept x2  
  98  8:13  Photon Cannon  
  98  8:17  Pylon  
  98  8:23  Probe  
  98  8:25  Assimilator  
  99  8:28  Phoenix (Chrono Boost)  
  99  8:30  Assimilator  
  99  8:31  Zealot x2  
  92  8:42  Adept  
  84  8:49  Gateway  
  84  8:53  Sentry x3, Adept, Gateway x2  
  78  8:57  Gateway  
  78  8:58  Phoenix (Chrono Boost)  
  75  9:08  Adept  
  75  9:19  Phoenix (Chrono Boost), Adept  
  75  9:20  Adept  
  75  9:32  Zealot  
  47  9:49  Zealot x2  
  47  9:50  Zealot  
  44  9:54  Cybernetics Core  
  44  9:58  Pylon  
  39  10:02  Zealot  
Tags
 
Add a new tag
Caveats
  • Supply blocks, unpowered buildings, or Contaminate may cause inaccurate times.
  • Supply counts are checked every 10 seconds.